 Dungeon Crawl Stone Soup version 0.27-a0-1154-gfdeffcb720 (webtiles) character file.

Game seed: 13160821204555802205

3 HilariousDeathArtist the Skirmisher (level 1, 0/18 HPs)
             Began as a Djinni Wanderer on May 14, 2021.
             Slain by a goblin
             ... wielding a +0 club
              (4 damage)
             ... on level 1 of the Dungeon.
             The game lasted 00:00:51 (74 turns).

HilariousDeathArtist the Skirmisher (Djinni Wanderer) Turns: 74, Time: 00:00:52

Health: 0/18       AC:  2    Str: 13    XL:     1   Next: 55%
Gold:   30         EV: 11    Int: 13    God:
                   SH:  0    Dex: 10

rFire    + + .     SeeInvis .   f - +0 spear
rCold    x . .     Faith    .   (no shield)
rNeg     . . .     Spirit   .   c - +0 robe
rPois    ∞         Reflect  .   (no helmet)
rElec    .         Harm     .   (no cloak)
rCorr    .         Rampage  .   (no gloves)
Will     .....                  (boots unavailable)
Stlth    ++........             (no amulet)
HPRegen  0.06/turn              (no ring)
MPRegen  0.00/turn              (no ring)

@: flying
A: sickness immunity, fire resistance 2, cold vulnerability 1, float, innate
caster, hp casting, extra vitality 1
a: no special abilities


You were on level 1 of the Dungeon.
You visited 1 branch of the dungeon, and saw 1 of its levels.

You collected 30 gold pieces.

Inventory:

Hand Weapons
 a - a +0 dagger
 d - a +0 club
 f - a +0 spear (weapon)
   (You found it on level 1 of the Dungeon)
Armour
 c - a +0 robe (worn)
Wands
 e - a wand of charming (14)
Scrolls
 b - a scroll of identify {unknown}
 Y - 2 scrolls of teleportation {@r3}


   Skills:
 * Level 2.2 Fighting
 - Level 1.5 Crossbows
 - Level 2.0 Armour
 - Level 1.5 Stealth
 + Level 0.1 Spellcasting
 - Level 2.0 Evocations


You couldn't memorise any spells.
You didn't know any spells.
Your spell library was empty.

Dungeon Overview and Level Annotations

Branches:
Dungeon (1/15)

Altars:


Innate Abilities, Weirdness & Mutations

You are immune to sickness and miasma.
You are immune to poison.
Your flesh is very heat resistant. (rF++)
You are vulnerable to cold. (rC-)
You float through the air rather than walking.
You learn spells naturally, not from books.
Your magical power is your life essence.
You have superior vitality. (+4 HP)


Message History

Welcome, HilariousDeathArtist the Djinni Wanderer.
It is said that the Orb of Zot exists deep within this dungeon.
Found a scroll labelled TAASTRA SOTIFUI and 13 gold pieces.
Found a staircase leading out of the dungeon.
You begin with the following items: a +0 club, a +0 robe, a +0 dagger, a wand of charming (15), 2 scrolls of teleportation {@r3}.
You need no library to learn spells.
Unknown command.
Adjust (i)tems, (s)pells, or (a)bilities?
d - a +0 dagger Adjust to which letter? (? for menu, Esc to quit)
a - a +0 dagger;
d - a +0 club (weapon)
Okay, then.
b - a scroll labelled TAASTRA SOTIFUI You now have 13 gold pieces.
You now have 23 gold pieces (gained 10).
Found a stone staircase leading down.
A frilled lizard comes into view.
You can't go down here!
There is a stone staircase leading down here.
The helpless frilled lizard fails to defend itself.
You hit the frilled lizard.
You kill the frilled lizard!
You see here a +0 spear.
f - a +0 spear (weapon)
You now have 30 gold pieces (gained 7).
A hobgoblin comes into view.
No target in view!
No target in view!
No target in view!
No target in view!
No target in view!
No target in view!
No target in view!
No target in view!
No target in view!
No target in view!
No target in view!
No target in view!
No target in view!
A frilled lizard and 2 goblins come into view.
The goblin shouts!
You hear an angry hiss.
A rat comes into view.
The frilled lizard moves out of view.
There are monsters nearby!
A ball python comes into view.
The ball python hisses angrily.
You miss the goblin.
The goblin shouts!
The frilled lizard hisses angrily.
You hit the goblin. The goblin hits you with a +0 club.
You take 4 damage, and have 14/18 hp.
MASSIVE DAMAGE!!
You barely miss the goblin. The goblin hits you with a +0 club.
You take 2 damage, and have 12/18 hp.
You closely miss the goblin. The goblin barely misses you.
You hit the goblin.
You kill the goblin!
The ball python bites you. The ball python grabs you.
The ball python constricts you.
You take 3 damage, and have 9/18 hp.
You hit the ball python.
You kill the ball python!
You barely miss the goblin. The goblin hits you with a +0 club.
* * * LOW HITPOINT WARNING * * *
You take 5 damage, and have 4/18 hp.
MASSIVE DAMAGE!!
You aren't carrying any potions.
Unknown command.
There is a stone staircase leading down here.
You closely miss the goblin. The goblin hits you with a +0 club.
* * * LOW HITPOINT WARNING * * *
You take 2 damage, and have 4/18 hp.
Aim: a goblin, wielding a +0 club (chance to affect: 69%)
The goblin struggles to resist.
The goblin hits you with a +0 club.
You die...

#####.##..≈≈♣≈≈≈#
..##.##..P.≈♣P. g
#.##.##)##..P..# ..
#.#.#.#.# #..###
#.##.##..###..# #(##
#.......## ##.###.#######
#.#####..###.#.l.l......###
#.#.#.##g####........
#[......@# #.###.###
####.########.#
##>#####l...# #.....r.....#
#########.###(..#
#...........#+#.#
#...........# #.#
#...#..#..#.# ##.
#........≈..+ ..


You could see a goblin and a frilled lizard.

Vanquished Creatures
  A ball python (D:1)
  A goblin (D:1)
  A frilled lizard (D:1)
3 creatures vanquished.

Notes
Turn   | Place    | Note
-------+----------+-------------------------------------------
     0 | D:1      | HilariousDeathArtist the Djinni Wanderer began the quest
                  | for the Orb.
     0 | D:1      | Reached XP level 1. HP: 18/18 MP: 0/0
    46 | D:1      | HP: 4/18 [goblin/+0 club (5)]
    73 | D:1      | HP: 4/18 [goblin/+0 club (2)]
    74 | D:1      | Slain by a goblin

Illustrated notes

Levels and vault maps discovered:
D:1:      shiori_arrival_oz, layout_loops_ring, serial_bayou_pond_b

Action                   || total
-------------------------++-------
Melee: Spear             ||     8
       Club              ||     1
Evoke: Wand              ||     1
 Stab: Sleeping          ||     1
Dodge: Dodged            ||     1

Table legend: (Time is in decaauts)
 A = Elapsed time spent in this place.
 B = Non-inter-level travel time spent in this place.
 C = Inter-level travel time spent in this place.
 D = Time resting spent in this place.
 E = Time spent auto-exploring this place.
 F = Levels seen in this place.
 G = Mean time per level.
                   A        B        C        D        E       F      G
               +--------+--------+--------+--------+--------+-----+--------+
         Total |     74 |     72 |      2 |      0 |     25 |   1 |   74.0 |
       Dungeon |     74 |     72 |      2 |      0 |     25 |   1 |   74.0 |
               +--------+--------+--------+--------+--------+-----+--------+

Top non-repeatable levels by time:
     D:1: 74 daAuts

Table legend:
 A = Kills in this place as a percentage of kills in entire the game.
 B = Kills by you in this place as a percentage of kills by you in the entire game.
 C = Kills by friends in this place as a percentage of kills by friends in the entire game.
 D = Other kills in this place as a percentage of other kills in the entire game.
 E = Experience gained in this place as a percentage of experience gained in the entire game.
 F = Experience gained in this place divided by the number of levels of this place that you have seen.
                   A       B       C       D       E      F
               +-------+-------+-------+-------+-------+----------------------
         Total | 100.0 | 100.0 |   N/A |   N/A | 100.0 |   5.0
       Dungeon | 100.0 | 100.0 |   N/A |   N/A | 100.0 |   5.0
               +-------+-------+-------+-------+-------+----------------------
